 Dungeon Crawl Stone Soup version 0.21-a0-401-g0b6bec4 (webtiles) character file.

60 Rikh the Chopper (level 4, -4/41 HPs)
             Began as a Hill Orc Berserker on Oct 21, 2017.
             Was a Believer of Trog.
             Slain by Sigmund
             ... wielding a +3 scythe of flaming
              (5 damage)
             ... on level 2 of the Dungeon.
             The game lasted 00:09:00 (1243 turns).

Rikh the Chopper (Hill Orc Berserker)               Turns: 1243, Time: 00:09:00

Health: -4/41      AC:  6    Str: 20    XL:     4   Next: 6%
Magic:  4/4        EV:  9    Int:  7    God:    Trog [**....]
Gold:   142        SH:  3    Dex: 10    Spells: 3/3 levels left

rFire    . . .     SeeInvis .   a - +0 hand axe
rCold    . . .     Gourm    .   i - +0 buckler
rNeg     . . .     Faith    .   e - +0 scale mail
rPois    .         Spirit   .   (no helmet)
rElec    .         Reflect  .   (no cloak)
rCorr    .         Harm     .   (no gloves)
MR       .....                  (no boots)
Stlth    ..........             (no amulet)
HPRegen  0.13/turn              (no ring)
MPRegen  0.09/turn              (no ring)

@: no status effects
A: no striking features
a: Berserk, Trog's Hand, Burn Spellbooks, Renounce Religion


You were on level 2 of the Dungeon.
You worshipped Trog.
Trog was pleased with you.
You were not hungry.

You visited 1 branch of the dungeon, and saw 2 of its levels.

You collected 142 gold pieces.

Inventory:

Hand Weapons
 a - a +0 hand axe (weapon)
 f - a +1 mace of protection
Armour
 b - a +0 animal skin
 e - a +0 scale mail (worn)
 g - a +0 robe
 i - a +0 buckler (worn)
 l - a +0 ring mail
Scrolls
 j - a scroll of noise {unknown}
 n - 2 scrolls of remove curse
 p - a scroll of enchant armour {unknown}
Potions
 d - a potion of haste {unknown}
 k - a potion of magic {unknown}
 m - a potion of cancellation {unknown}
 o - 2 potions of lignification {unknown}
Comestibles
 c - 2 bread rations
 h - 3 meat rations
 q - a fruit


   Skills:
 * Level 4.4 Fighting
 * Level 5.4 Axes
 * Level 2.6 Armour
 - Level 1.6 Dodging


You had 3 spell levels left.
You didn't know any spells.

Dungeon Overview and Level Annotations

Branches:
Dungeon (2/15)

Altars:

Annotations:
D:2 Sigmund


Message History

The puff of flame hits you!
You hear some strange, mumbled words.
A puff of flame appears from out of thin air!
The puff of flame hits you!
There is an open door here.
You bump into the rock wall.
Something hits you. Something burns you.
You bump into the rock wall.
You feel less confused.
A puff of flame appears from out of thin air!
The puff of flame hits you!
You hear some strange, mumbled words.
A puff of flame appears from out of thin air!
The puff of flame hits you!
There is an open door here.
You closely miss something. Something hits you!
* * * LOW HITPOINT WARNING * * *
Something burns you.
* * * LOW HITPOINT WARNING * * *
You hit something. Something hits you.
You die...

#.#.# ###.#. .. #....
... #.#.#
....####.#.#
#..........#
#..........#
#..........#
#...####@#.# ..##...#
#.#.# # .......#
#.#.# #.
......####.#.###
...................>#
..........####.######
###..)##..# #.#
.......#..# #.#
.......'..# #.#


There were no monsters in sight!

Vanquished Creatures
  An adder (D:2)
  A dart slug (D:1)
  4 giant cockroaches
  3 goblins (D:1)
  6 hobgoblins (D:1)
  7 jackals (D:1)
  2 ball pythons (D:1)
  9 bats
  5 kobolds
  8 rats
46 creatures vanquished.

Notes
Turn   | Place    | Note
-------+----------+-------------------------------------------
     0 | D:1      | Rikh the Hill Orc Berserker began the quest for the Orb.
     0 | D:1      | Reached XP level 1. HP: 19/19 MP: 1/1
    86 | D:1      | Reached XP level 2. HP: 8/27 MP: 2/2
   670 | D:1      | Reached XP level 3. HP: 33/33 MP: 3/3
   733 | D:1      | Reached skill level 5 in Axes
   782 | D:1      | Reached ** piety under Trog
  1140 | D:2      | Reached XP level 4. HP: 39/41 MP: 4/4
  1230 | D:2      | Noticed Sigmund
  1242 | D:2      | HP: 1/41 [something (2)]
  1243 | D:2      | Slain by Sigmund

Vault maps used:
D:1:      lemuel_arrival_river_ford, minmay_small_reverse_x
D:2:      first_bread, minmay_pentomino_z4, uniq_sigmund, uniq_jessica

Skill      XL: |  1  2  3 |
---------------+----------+-----
Fighting       | 4 |  4.4
Axes           | 5 |  5.4
Armour         | |  2.6
Dodging        | |  1.6

Action                   |  1- 3 |  4- 6 || total
-------------------------+-------+-------++-------
Melee: Hand axe          |   129 |     6 ||   135
  Use: Scroll            |     3 |       ||     3
       Potion            |     1 |       ||     1
  Eat: Bread ration      |     1 |       ||     1
Armor: Animal skin       |     9 |       ||     9
       Scale mail        |    50 |     8 ||    58
Dodge: Dodged            |    68 |     1 ||    69
Block: Buckler           |     5 |       ||     5

Table legend:
 A = Spawn XP
 B = Non-spawn XP
 C = Spawn XP percentage of total XP
 D = Spawn monster count
 E = Non-spawn monster count
 F = Spawn count percentage of total count
 G = Total turns spent on level
                    A         B        C        D         E        F      G
               +---------+---------+-------+---------+---------+-------+---------
         Total |       0 |      87 |   0.0 |       0 |      46 |   0.0 |  1243
               +---------+---------+-------+---------+---------+-------+---------
           D:1 |       0 |      63 |   0.0 |       0 |      38 |   0.0 |   981
           D:2 |       0 |      24 |   0.0 |       0 |       8 |   0.0 |   262
               +---------+---------+-------+---------+---------+-------+---------
